 Dungeon Crawl Stone Soup version 0.28-a0-397-g1a7b1a870f (webtiles) character file.

Game seed: 5307819540048367425

135 Conn the Firebug (level 5, -4/46 HPs)
             Began as an Octopode Fire Elementalist on Sept 4, 2021.
             Slain by an orc wizard (8 damage)
             ... on level 3 of the Dungeon.
             The game lasted 00:07:24 (3068 turns).

Conn the Firebug (Octopode Fire Elementalist)       Turns: 3068, Time: 00:07:25

Health: -4/46      AC:  1    Str:  7    XL:     5   Next: 18%
Magic:  9/9        EV: 13    Int: 19    God:
Gold:   75         SH:  0    Dex: 12    Spells: 1/10 levels left

rFire   . . .      SeeInvis .   b - +0 short sword
rCold   . . .      Faith    .   (no shield)
rNeg    . . .      Spirit   .   (helmet restricted)
rPois   .          Reflect  .   (no amulet)
rElec   .          Harm     .   (no ring)
rCorr   .          Rampage  .   (no ring)
Will    .....                   (no ring)
Stlth   ..........              (no ring)
HPRegen 0.15/turn               (no ring)
MPRegen 0.11/turn               (no ring)
                                (no ring)
                                (no ring)

@: confused, berserking (expiring), very quick
A: almost no armour, amphibious, 8 rings, camouflage 1, gelatinous body 1,
(nimble swimmer 1), tentacles
a: no special abilities


You were on level 3 of the Dungeon.
You visited 1 branch of the dungeon, and saw 3 of its levels.

You collected 75 gold pieces.

Inventory:

Hand Weapons
 b - a +0 short sword (weapon)
Armour
 e - a +0 buckler
Scrolls
 a - a scroll of fear {unknown}
 d - a scroll of silence {unknown}
 f - a scroll of blinking {unknown}
 g - 4 scrolls of identify {unknown}
 h - a scroll of vulnerability {unknown}
Potions
 j - a potion of mutation {unknown}


   Skills:
 + Level 0.3 Fighting
 + Level 0.7 Short Blades
 + Level 2.1 Dodging
 + Level 3.5 Stealth
 + Level 3.1 Spellcasting
 + Level 2.0 Conjurations
 + Level 4.0 Fire Magic


You had one spell level left.
You knew the following spells:

 Your Spells              Type           Power      Damage    Failure   Level
a - Foxfire               Conj/Fire      56%        2x1d6     4%          1
b - Scorch                Fire           36%        2d7       4%          2
c - Conjure Flame         Conj/Fire      14%        6-21      13%         3
d - Inner Flame           Hex/Fire       10%        N/A       21%         3

Your spell library contained the following spells:

 Spells                   Type           Power      Damage    Failure   Level
 Magic Dart               Conj           40%        1d5       7%          1
 Searing Ray              Conj           20%        3d3       10%         2
 Flame Wave               Conj/Fire      14%        3d5       41%         4
 Fulminant Prism          Conj/Hex       3%         3d6       69%         4


Dungeon Overview and Level Annotations

Branches:
Dungeon (3/15)

Altars:
Kikubaaqudgha


Innate Abilities, Weirdness & Mutations

You cannot wear most types of armour.
You are amphibious.
You can wear up to eight rings at the same time.
Your skin changes colour to match your surroundings (Stealth+).
Your rubbery body absorbs attacks. (AC +1, EV +1)
((You are camouflaged near water. (Stealth+)))
You have tentacles for arms and can constrict up to eight enemies at once.


Message History

Confirm with . or Enter, or press ? or * to list all spells.
You conjure some foxfire!
The orc wizard hits you with a +0 mace.
Unknown command.
You closely miss the orc wizard. Your grab misses the orc wizard.
The foxfire hits the orc wizard but does no damage.
The orc wizard hits you with a +0 mace!
Unknown command.
It was a potion of ambrosia.
You are confused.
You feel invigorated. The orc wizard hits you with a +0 mace!
Found a stone staircase leading up.
The foxfire hits the orc wizard.
The orc wizard is moderately wounded.
The orc wizard points at you and mumbles some strange words.
You are more confused.
The orc wizard gestures wildly while chanting.
The orc wizard flickers and vanishes!
Deactivating autopickup; reactivate with Ctrl-A.
You're too confused to move!
You feel less invigorated.
You hear some strange, mumbled words.
You are more confused.
You bump into the rock wall.
Something hits you.
Your magical contamination has completely faded away.
Unknown command.
You bump into the rock wall.
Something hits you.
It was a potion of berserk rage.
A red film seems to cover your vision as you go berserk!
You feel yourself moving faster!
You feel mighty! Something hits you.
You bump into the rock wall.
You feel a strong urge to attack something.
Something hits you!
* * * LOW HITPOINT WARNING * * *
You miss something. Something hits you but does no damage.
Unknown command.
You bump into the rock wall.
You feel a strong urge to attack something.
Something hits you.
* * * LOW HITPOINT WARNING * * *
Unknown command.
You bump into the rock wall.
Something hits you!
You die...

.< #. #'#
##.####.#
......#.#
#.#....#####
#.....)....
#......#
#..{@#
###.## #.#
#.# #.# #.#
#######.##
###
#........#
##.##
#.#####..#
##.#.#######


There were no monsters in sight!

Vanquished Creatures
  A hound skeleton (D:2)
  4 adders (D:2)
  A shadow imp (D:3)
  2 worms (D:2)
  3 dart slugs
  3 orcs (D:3)
  6 ball pythons
  5 endoplasms
  7 hobgoblins
  2 jackals (D:1)
  A quokka (D:1)
  11 bats
  4 frilled lizards (D:1)
  5 goblins
  9 kobolds
  2 rats
66 creatures vanquished.

Vanquished Creatures (others)
  165 foxfires
165 creatures vanquished.

Grand Total: 231 creatures vanquished

Notes
Turn   | Place    | Note
-------+----------+-------------------------------------------
     0 | D:1      | Conn the Octopode Fire Elementalist began the quest for the
                  | Orb.
     0 | D:1      | Reached XP level 1. HP: 11/11 MP: 3/3
   211 | D:1      | Reached XP level 2. HP: 17/17 MP: 3/5
   222 | D:1      | Learned a level 2 spell: Scorch
   860 | D:1      | Reached XP level 3. HP: 19/21 MP: 4/6
  1357 | D:1      | Found a faded altar of an unknown god.
  1427 | D:1      | HP: 1/21 [frozen (4)]
  1557 | D:1      | Learned a level 3 spell: Conjure Flame
  1661 | D:2      | Found an ancient bone altar of Kikubaaqudgha.
  1774 | D:2      | Reached XP level 4. HP: 27/27 MP: 0/7
  2598 | D:2      | Reached skill level 4 in Fire Magic
  2598 | D:2      | Reached XP level 5. HP: 31/31 MP: 4/9
  2754 | D:2      | Learned a level 3 spell: Inner Flame
  3068 | D:3      | Slain by an orc wizard

Illustrated notes

Levels and vault maps discovered:
D:1:      ncdulo_lavacross, layout_loops_cross,
          dilly_ecumenical_altar_fadedgnrine
D:2:      layout_basic, basic_altar, minmay_quantized
D:3:      layout_loops_corners, mainiacjoe_overflow_alcove_2, serial_shops,
          nicolae_shop_behind_doors

Skill      XL: |  1  2  3  4  5 |
---------------+----------------+-----
Stealth        | 3 |  3.5
Spellcasting   | 3 |  3.1
Fire Magic     | 4 |  4.0
Conjurations   | 2 |  2.0
Fighting       | |  0.3
Short Blades   | |  0.7
Dodging        | |  2.1

Action                   |  1- 3 |  4- 6 || total
-------------------------+-------+-------++-------
Melee: Short sword       |    25 |     8 ||    33
       Constrict         |     6 |       ||     6
 Cast: Foxfire           |    44 |    52 ||    96
       Scorch            |     7 |     3 ||    10
  Use: Potion            |     3 |     2 ||     5
 Stab: Sleeping          |     1 |     3 ||     4
Armor: Skin              |    10 |     3 ||    13
Dodge: Dodged            |    48 |     2 ||    50

Table legend: (Time is in decaauts)
 A = Elapsed time spent in this place.
 B = Non-inter-level travel time spent in this place.
 C = Inter-level travel time spent in this place.
 D = Time resting spent in this place.
 E = Time spent auto-exploring this place.
 F = Levels seen in this place.
 G = Mean time per level.
                   A        B        C        D        E       F      G
               +--------+--------+--------+--------+--------+-----+--------+
         Total |   3068 |   3054 |     14 |     46 |   2363 |   3 | 1022.7 |
       Dungeon |   3068 |   3054 |     14 |     46 |   2363 |   3 | 1022.7 |
               +--------+--------+--------+--------+--------+-----+--------+

Top non-repeatable levels by time:
     D:1: 1578 daAuts
     D:2: 1179 daAuts
     D:3: 310 daAuts
